 Dungeon Crawl Stone Soup version 0.22.1-7-g5c428e7 (webtiles) character file.

53 misha the Skirmisher (level 3, 0/33 HPs)
             Began as a Hill Orc Fighter on Feb 17, 2019.
             Slain by a hobgoblin
             ... wielding a cursed -1 club
             ... led by Robin
              (3 damage)
             ... on level 2 of the Dungeon.
             The game lasted 00:10:13 (1855 turns).

misha the Skirmisher (Hill Orc Fighter)             Turns: 1855, Time: 00:10:13

Health: 0/33       AC:  7    Str: 19    XL:     3   Next: 87%
Magic:  3/3        EV:  7    Int:  8    God:
Gold:   89         SH:  9    Dex: 10    Spells: 2/2 levels left

rFire    . . .     SeeInvis .   a - +0 flail
rCold    . . .     Gourm    +   c - +0 shield
rNeg     + . .     Faith    .   z - +0 scale mail
rPois    .         Spirit   .   (no helmet)
rElec    .         Reflect  .   (no cloak)
rCorr    .         Harm     .   (no gloves)
MR       .....                  (no boots)
Stlth    ..........             C - amulet of the gourmand
HPRegen  0.11/turn              u - ring of positive energy
MPRegen  0.08/turn              (no ring)

@: no status effects
A: no striking features
a: no special abilities


You were on level 2 of the Dungeon.
You were not hungry.

You visited 1 branch of the dungeon, and saw 2 of its levels.

You collected 89 gold pieces.

Inventory:

Hand Weapons
 a - a +0 flail (weapon)
 e - a +0 short sword
 j - a +0 club
 k - a +0 club
 l - a +0 short sword
 m - a +0 dagger
 n - a +0 short sword
 o - a cursed -3 club
 q - a +0 club
 s - a +0 short sword
 v - a +0 dagger
 w - a +0 club
 y - a +0 club
Missiles
 b - 23 bolts
 g - 87 stones (quivered)
 x - 4 sling bullets
Armour
 c - a +0 shield (worn)
 p - a +0 ring mail
 z - a +0 scale mail (worn)
 A - a +0 leather armour
Jewellery
 r - a cursed ring of teleportation {unknown}
 u - a ring of positive energy (left hand)
 C - an amulet of the gourmand (around neck)
Scrolls
 h - a scroll of magic mapping {unknown}
 t - a scroll of enchant armour {unknown}
 D - a scroll of teleportation {unknown}
 E - a scroll of fog {unknown}
Potions
 d - a potion of might
 i - 3 potions of heal wounds {unknown}
 B - 2 potions of lignification {unknown}
Comestibles
 f - 2 rations


   Skills:
 + Level 4.0 Fighting
 + Level 3.2 Maces & Flails
 + Level 0.2 Throwing
 + Level 3.9 Armour
 + Level 3.6 Shields


You had 2 spell levels left.
You didn't know any spells.
Your spell library was empty.

Dungeon Overview and Level Annotations

Branches:
Dungeon (2/15)

Altars:
Okawaru


Message History

The hobgoblin hits you but does no damage.
The goblin barely misses you. You block the hobgoblin's attack. x2
The hobgoblin completely misses you. You block the hobgoblin's attack.
The hobgoblin closely misses you.
You are too injured to fight recklessly!
You are too injured to fight recklessly!
You are too injured to fight recklessly!
You are too injured to fight recklessly!
You thump Robin!
You kill Robin!
Your Maces & Flails skill increases to level 3!
The hobgoblin no longer looks unusually strong.
You block the bat's attack. The bat barely misses you.
You block the goblin's attack. The hobgoblin completely misses you.
The bat hits you but does no damage. The hobgoblin hits you with a club.
* * * LOW HITPOINT WARNING * * *
The hobgoblin hits you.
* * * LOW HITPOINT WARNING * * *
The hobgoblin hits you with a club.
You die...

###...#....#.# #
#######..[##.._...
#######.....†....#.#.#.#
.........<...†.........#
........................
#...............[.....
##...).....gg........
#........gggg......
##.##....g@gg#!.#..
#.......gbg.......
####....#####.((..
#.##.... #.(. #.##.##...
.. #.##.. ... #.##... ..
#....... . ## ......


You could see 6 hobgoblins, 5 goblins and a bat.

Vanquished Creatures
  Robin (D:2)
  A dart slug (D:1)
  2 leopard geckos (D:1)
  5 bats (D:1)
  A giant cockroach (D:1)
  4 goblins
  7 hobgoblins (D:1)
  10 kobolds
  6 rats
37 creatures vanquished.

Notes
Turn   | Place    | Note
-------+----------+-------------------------------------------
     0 | D:1      | misha the Hill Orc Fighter began the quest for the Orb.
     0 | D:1      | Reached XP level 1. HP: 19/19 MP: 1/1
   174 | D:1      | Reached XP level 2. HP: 21/27 MP: 2/2
   658 | D:1      | Reached XP level 3. HP: 29/33 MP: 3/3
   988 | D:1      | Reached skill level 4 in Fighting
  1805 | D:2      | Found an iron altar of Okawaru.
  1839 | D:2      | Noticed Robin
  1855 | D:2      | Killed Robin
  1855 | D:2      | Slain by a hobgoblin

Skill      XL: |  1  2  3 |
---------------+----------+-----
Fighting       | 4 |  4.0
Maces & Flails | 3 |  3.2
Throwing       | |  0.2
Armour         | |  3.9
Shields        | |  3.6

Action                   || total
-------------------------++-------
Melee: Flail             ||   117
Throw: Stone             ||    44
  Eat: Ration            ||     1
Armor: Scale mail        ||    69
Dodge: Dodged            ||    62
Block: Shield            ||    93
